 Dungeon Crawl Stone Soup version 0.29.1-2-gbd0b4ee654 (webtiles) character file.

Game seed: 5584042062487397383

662 RUZZLEFAZAZZLE the Grave Robber (level 7, -2/76 HPs)
             Began as a Gnoll Wanderer on Nov 16, 2022.
             Slain by Sigmund
             ... wielding a +0 scythe of venom
              (11 damage)
             ... on level 4 of the Dungeon.
             The game lasted 00:06:57 (3791 turns).

RUZZLEFAZAZZLE the Grave Robber (Gnoll Wanderer)    Turns: 3791, Time: 00:06:57

Health: -2/76      AC: 12    Str: 17    XL:     7   Next: 56%
Magic:  12/12      EV:  7    Int: 12    God:
Gold:   83         SH:  0    Dex: 13    Spells: 12/13 levels left

rFire   . . .      SeeInvis .   i - +0 executioner's axe
rCold   . . .      Faith    .   (shield currently unavailable)
rNeg    . . .      Spirit   .   n - +0 chain mail
rPois   .          Reflect  .   b - +1 helmet
rElec   .          Harm     .   (no cloak)
rCorr   .          Rampage  .   (no gloves)
Will    .....                   k - +0 pair of boots
Stlth   ..........              f - amulet of regeneration
HPRegen 1.02/turn               g - +6 ring of strength
MPRegen 0.13/turn               (no ring)

@: berserking, lethally poisoned (-2 -> -6), very quick
A: fangs 1, strong nose, distributed training
a: no special abilities


You were on level 4 of the Dungeon.
You visited 1 branch of the dungeon, and saw 4 of its levels.

You collected 83 gold pieces.

Inventory:

Hand Weapons
 a - a +0 vampiric quarterstaff
 i - a +0 executioner's axe (weapon)
 j - a +1 dagger of freezing
Armour
 b - a +1 helmet (worn)
 k - a +0 pair of boots (worn)
 n - a +0 chain mail (worn)
Jewellery
 f - an amulet of regeneration (around neck)
 g - a +6 ring of strength (left hand)
Wands
 q - a wand of charming (10)
Scrolls
 d - 3 scrolls of identify
 e - a scroll of teleportation {unknown}
 l - a scroll of enchant armour
 m - a scroll of torment
 p - a scroll of acquirement {unknown}
Potions
 h - a potion of haste


   Skills:
 + Level 2.6 Fighting
 + Level 2.6 Short Blades
 + Level 2.6 Long Blades
 + Level 2.6 Axes
 + Level 2.6 Maces & Flails
 + Level 2.6 Polearms
 + Level 7.1 Staves
 + Level 2.6 Ranged Weapons
 + Level 2.6 Throwing
 + Level 2.6 Armour
 + Level 2.6 Dodging
 + Level 5.0 Stealth
 + Level 2.6 Shields
 + Level 2.6 Unarmed Combat
 + Level 3.9 Spellcasting
 + Level 2.1 Conjurations
 + Level 2.1 Hexes
 + Level 2.1 Summonings
 + Level 7.4 Necromancy
 + Level 2.1 Translocations
 + Level 2.1 Transmutations
 + Level 2.1 Fire Magic
 + Level 2.1 Ice Magic
 + Level 2.1 Air Magic
 + Level 2.1 Earth Magic
 + Level 2.1 Poison Magic
 + Level 3.0 Invocations
 + Level 2.6 Evocations


You had 12 spell levels left.
You knew the following spells:

 Your Spells              Type           Power      Damage    Failure   Level
a - Necrotise             Necr           80%        1d8       16%         1

Your spell library contained the following spells:

 Spells                   Type           Power      Damage    Failure   Level
 Vampiric Draining        Necr           20%        2d7       43%         3
 Ignite Poison            Fire/Tmut/Pois 7%         N/A       99%         3
 Mephitic Cloud           Conj/Pois/Air  7%         N/A       99%         3
 Anguish                  Hex/Necr       6%         N/A       99%         4
 Animate Armour           Summ/Erth      14%        N/A       100%        4
 Blade Hands              Tmut           3%         N/A       100%        5
 Freezing Cloud           Conj/Ice/Air   3%         6-21      100%        5
 Iron Shot                Conj/Erth      3%         9d2       100%        6


Dungeon Overview and Level Annotations

Branches:
Dungeon (4/15)
 Temple: D:4-7

Altars:

Annotations:
D:4 Sigmund


Innate Abilities, Weirdness & Mutations

You have very sharp teeth.
Your uncanny sense of smell can sniff out nearby items.
Your experience applies equally to all skills.


Message History

a +0 giant club; an ogre corpse You hear the slow hiss of a very distant avalanche of sand.
HP restored.
d - 3 scrolls of identify (gained 1)
Found a mace.
You hear the slow hiss of a very distant avalanche of sand.
Found a stone staircase leading down.
Sigmund the Dreaded comes into view.
He is wielding a +0 scythe of venom.
Sigmund shouts!
Sigmund casts a spell.
Sigmund flickers and vanishes!
Deactivating autopickup; reactivate with Ctrl-A.
Something hits you but does no damage.
You are poisoned.
You closely miss something.
You feel very sick. Something hits you!
You are more poisoned.
You barely miss something. Your bite misses something.
You feel extremely sick. Something hits you!
You are more poisoned.
You closely miss something.
* * * LOW HITPOINT WARNING * * *
You feel extremely sick. Something hits you but does no damage.
You closely miss something.
* * * LOW HITPOINT WARNING * * *
You feel very sick. Something hits you.
* * * LOW HITPOINT WARNING * * *
You are more poisoned.
It was a potion of curing.
You feel better. Something hits you.
* * * LOW HITPOINT WARNING * * *
You are poisoned.
A red film seems to cover your vision as you go berserk!
You feel yourself moving faster!
You feel mighty!
You feel very sick. Something hits you!
You die...

#.##..#.# #...# #..
###.##..#.# #...#
..........# #...#
.....)....########...#####
....##....#...............
..............>...........
....###..##...............
.<.......#######.#...#.###
...####.## #@#...#.# ####
#.# #.#...# # #.#...#
#.#...# #...... ###


There were no monsters in sight!

Vanquished Creatures
  Pikel (D:3)
  An ogre (D:4)
  An orc wizard (D:4)
  2 adders
  2 worms (D:2)
  5 dart slugs
  3 orcs (D:4)
  6 endoplasms
  3 giant cockroaches
  9 goblins
  4 hobgoblins
  5 jackals
  9 kobolds
  3 quokkas
  6 ball pythons
  2 bats
  2 frilled lizards
  4 rats
68 creatures vanquished.

Vanquished Creatures (others)
  A fungus (D:1)
  2 plants (D:1)
3 creatures vanquished.

Grand Total: 71 creatures vanquished

Notes
Turn   | Place    | Note
-------+----------+-------------------------------------------
     0 | D:1      | RUZZLEFAZAZZLE the Gnoll Wanderer began the quest for the
                  | Orb.
     0 | D:1      | RUZZLEFAZAZZLE set off with the following items: a +0
                  | quarterstaff, a +0 helmet, a potion of berserk rage, a +0
                  | robe; and the following spell memorised: Necrotise; and the
                  | following spells available to memorise: Vampiric Draining,
                  | Anguish.
     0 | D:1      | Reached XP level 1. HP: 13/13 MP: 4/4
    79 | D:1      | Reached XP level 2. HP: 19/19 MP: 5/5
   349 | D:1      | Found a faded altar of an unknown god.
   934 | D:1      | Reached XP level 3. HP: 25/25 MP: 7/7
  1389 | D:2      | Reached skill level 1 in Invocations
  2272 | D:2      | Reached skill level 1 in Fighting
  2272 | D:2      | Reached skill level 1 in Short Blades
  2272 | D:2      | Reached skill level 1 in Long Blades
  2272 | D:2      | Reached skill level 1 in Axes
  2272 | D:2      | Reached skill level 1 in Maces & Flails
  2272 | D:2      | Reached skill level 1 in Polearms
  2272 | D:2      | Reached skill level 1 in Ranged Weapons
  2272 | D:2      | Reached skill level 1 in Throwing
  2272 | D:2      | Reached skill level 1 in Armour
  2272 | D:2      | Reached skill level 1 in Dodging
  2272 | D:2      | Reached skill level 1 in Shields
  2272 | D:2      | Reached skill level 1 in Unarmed Combat
  2272 | D:2      | Reached skill level 1 in Evocations
  2636 | D:2      | Reached XP level 4. HP: 27/32 MP: 8/8
  3197 | D:3      | Reached skill level 1 in Conjurations
  3197 | D:3      | Reached skill level 1 in Hexes
  3197 | D:3      | Reached skill level 1 in Summonings
  3197 | D:3      | Reached skill level 1 in Translocations
  3197 | D:3      | Reached skill level 1 in Transmutations
  3197 | D:3      | Reached skill level 1 in Fire Magic
  3197 | D:3      | Reached skill level 1 in Ice Magic
  3197 | D:3      | Reached skill level 1 in Air Magic
  3197 | D:3      | Reached skill level 1 in Earth Magic
  3197 | D:3      | Reached skill level 1 in Poison Magic
  3537 | D:4      | Noticed Pikel
  3537 | D:4      | Noticed a lemure
  3537 | D:4      | Noticed a lemure
  3537 | D:4      | Noticed a lemure
  3537 | D:4      | Noticed a lemure
  3545 | D:3      | Killed Pikel
  3546 | D:3      | Reached XP level 5. HP: 6/39 MP: 8/10
  3546 | D:3      | Reached XP level 6. HP: 8/46 MP: 8/11
  3546 | D:3      | Reached XP level 7. HP: 9/51 MP: 8/12
  3706 | D:4      | Reached skill level 5 in Stealth
  3781 | D:4      | Noticed Sigmund
  3791 | D:4      | Slain by Sigmund

Illustrated notes

Levels and vault maps discovered:
D:1:      saegor_arrival_fortress, layout_loops_ring, serial_glass,
          glass_columns_a, glass_columns_b, shapermc_ecumenical_altar_acropolis,
          wad_floor_pattern_1, st_stairs_11,
          nicolae_concentric_dashed_squares_wild, minmay_misc_feat_iff
D:2:      layout_loops_corners, serial_aquarium, aquarium_bridge_square
          [aquarium_subvault_window, aquarium_subvault_bridge,
          aquarium_subvault_bridge, aquarium_subvault_bridge],
          aquarium_bridge_square [aquarium_subvault_bridge,
          aquarium_subvault_window, aquarium_subvault_bridge,
          aquarium_subvault_wall], aquarium_window_fake, aquarium_window_fake,
          aquarium_view_2e, aquarium_balcony_1b, aquarium_pool_corner
D:3:      layout_loops_ring
D:4:      layout_loops_cross, enter_ossuary_4, moated_statue, uniq_sigmund,
          uniq_natasha, uniq_duvessa, uniq_pikel

Skill      XL: |  1  2  3  4  5  6  7 |
---------------+----------------------+-----
Invocations    | 1 2 3 |  3.0
Fighting       | 1 2 |  2.6
Short Blades   | 1 2 |  2.6
Long Blades    | 1 2 |  2.6
Axes           | 1 2 |  2.6
Maces & Flails | 1 2 |  2.6
Polearms       | 1 2 |  2.6
Ranged Weapons | 1 2 |  2.6
Throwing       | 1 2 |  2.6
Armour         | 1 2 |  2.6
Dodging        | 1 2 |  2.6
Shields        | 1 2 |  2.6
Unarmed Combat | 1 2 |  2.6
Evocations     | 1 2 |  2.6
Spellcasting   | 3 |  3.9
Conjurations   | 2 |  2.1
Hexes          | 2 |  2.1
Summonings     | 2 |  2.1
Translocations | 2 |  2.1
Transmutations | 2 |  2.1
Fire Magic     | 2 |  2.1
Ice Magic      | 2 |  2.1
Air Magic      | 2 |  2.1
Earth Magic    | 2 |  2.1
Poison Magic   | 2 |  2.1
Staves         | 7 |  7.1
Stealth        | 5 |  5.0
Necromancy     | |  7.4

Action                   |  1- 3 |  4- 6 |  7- 9 || total
-------------------------+-------+-------+-------++-------
Melee: Quarterstaff      |    89 |       |       ||    89
       Bite              |     9 |     4 |     3 ||    16
       Executioner's axe |     4 |    89 |    36 ||   129
  Use: Scroll            |     5 |     1 |       ||     6
       Potion            |     5 |     2 |     2 ||     9
 Stab: Sleeping          |     7 |     3 |       ||    10
Armor: Robe              |    20 |       |       ||    20
       Ring mail         |    11 |     8 |       ||    19
       Chain mail        |       |    81 |    24 ||   105
Dodge: Dodged            |    42 |    72 |    11 ||   125
